 Dungeon Crawl Stone Soup version 0.21-a0-216-g6d3fd91 (console) character file.

81947 utis the Basher (level 16, 126/126 HPs)
             Began as a Human Air Elementalist on Aug 12, 2017.
             Quit the game on level 9 of the Dungeon on Aug 23, 2017.
             The game lasted 02:35:45 (54253 turns).

utis the Basher (Human Air Elementalist)           Turns: 54253, Time: 02:35:45

Health: 126/126    AC: 18    Str: 10    XL:     16   Next: 19%
Magic:  26/26      EV: 15    Int: 21    God:
Gold:   895        SH:  0    Dex: 14    Spells: 6/28 levels left

rFire    . . .     SeeInvis .   b - staff of conjuration {!a}
rCold    + + .     Gourm    +   (no shield)
rNeg     . . .     Faith    .   k - +2 ring mail {rF+}
rPois    .         Spirit   .   u - +1 helmet
rElec    .         Reflect  .   (no cloak)
rCorr    .         Harm     .   P - +2 pair of gloves
MR       +....                  e - +2 pair of boots
Stlth    +.........             D - amulet of the gourmand
HPRegen  0.31/turn              c - ring of protection from cold
MPRegen  0.20/turn              C - ring of ice

@: drained
A: talons 1
a: no special abilities


You were on level 9 of the Dungeon.
You were completely stuffed.

You visited 4 branches of the dungeon, and saw 20 of its levels.
You also visited: Ice Cave.

You collected 1435 gold pieces.
You spent 540 gold pieces at shops.

Inventory:

Hand Weapons
 a - a +3 dire flail of freezing
 q - a +3 longbow of freezing
 V - a +0 blowgun {@w1}
Missiles
 g - 22 tomahawks
 j - 48 arrows
 S - 5 javelins
 T - 63 stones (quivered)
 Y - 4 throwing nets {=f}
 Z - 6 poisoned needles
Armour
 e - a +2 pair of boots (worn)
 k - a +2 ring mail of fire resistance (worn)
 u - a +1 helmet (worn)
 P - a +2 pair of gloves (worn)
Magical Staves
 b - an uncursed staff of conjuration (weapon) {!a}
 B - an uncursed staff of wizardry {!a}
Jewellery
 c - a ring of protection from cold (left hand)
 C - a ring of ice (right hand)
 D - an amulet of the gourmand (around neck)
 F - an uncursed ring of resist corrosion
 N - an uncursed ring of positive energy
 W - an uncursed ring of magical power
Wands
 h - a wand of confusion (30/48)
 p - a wand of lightning (5/15)
 v - a wand of iceblast (7/15)
 y - a wand of enslavement (13/24)
 z - a wand of paralysis (10/24)
 E - a wand of scattershot (4/9)
 Q - a wand of lightning (9/15)
Scrolls
 l - 9 scrolls of remove curse {@r2}
 G - 2 scrolls of fog
 L - a scroll of recharging
Potions
 d - a potion of haste {@q3}
 i - a potion of resistance {unknown}
 o - a potion of magic
 r - 6 potions of curing {@q1}
 w - a potion of heal wounds {@q2}
 A - 5 potions of ambrosia
 H - a potion of cancellation {unknown}
 I - a potion of agility
 J - a potion of lignification {unknown}
 M - 2 potions of mutation {!q}
 O - 3 potions of flight
 R - 2 potions of berserk rage {unknown}
 U - 2 potions of might {unknown}
Miscellaneous
 s - a lightning rod (4/4)
 K - a box of beasts
 X - a sack of spiders
Comestibles
 f - 4 royal jellies {@e3}
 m - 20 fruits {@e2}
 t - 13 meat rations {@e1}
 x - 16 bread rations {@e1}


   Skills:
 + Level 11.4(11.0) Fighting
 + Level 13.1(12.7) Maces & Flails
 + Level 10.3(9.9) Armour
 + Level 9.6(9.2) Dodging
 - Level 2.3(2.0) Stealth
 - Level 6.6(6.3) Spellcasting
 - Level 11.1(10.7) Conjurations
 - Level 2.2(1.9) Fire Magic
 - Level 10.6(10.2) Air Magic


You had 6 spell levels left.
You knew the following spells:

 Your Spells              Type           Power        Failure   Level  Hunger
a - Shock                 Conj/Air       ####         1%          1    None
b - Lightning Bolt        Conj/Air       ######....   8%          5    #####..
k - Airstrike             Air            #####.....   3%          4    ###....
o - Conjure Flame         Conj/Fire      ######..     4%          3    #......
t - Static Discharge      Conj/Air       ######..     1%          3    #......
y - Sticky Flame          Conj/Fire      ######..     14%         4    ###....
W - Swiftness             Chrm/Air       ####....     3%          2    None


Dungeon Overview and Level Annotations

Branches:
Dungeon (12/15)            Temple (0/1) D:7            Lair (6/6) D:11
  Swamp (0/4) Lair:2        Snake (0/4) Lair:4        Slime (0/5) Lair:5
    Orc (1/2) D:9            Hell (1/1)
    Dis: Hell:1         Geh: Hell:1         Coc: Hell:1         Tar: Hell:1

Altars:
Ashenzari
Elyvilon
Fedhas
Kikubaaqudgha
Makhleb
Okawaru
Qazlal
Sif Muna
Trog
Xom
Jiyva

Shops:
D:9 =   D:11 [

Portals:
Hell: Lair:6

Annotations:
D:7 namelastname112's ghost, novice DrWn
Lair:1 exclusion: 4 oklob plants
Hell Geryon


Innate Abilities, Weirdness & Mutations

You have sharp toenails.


Message History

Magic restored.
You start waiting.
You start waiting.
All of the chunks of flesh in your inventory have rotted away.
Done waiting.
Unknown command.
Saving game... please wait.
Lua error: /dgldir/rcfiles/crawl-git/utis.rc:580: unexpected symbol near '#' Welcome back, utis the Human Air Elementalist.
Press ? for a list of commands and other information.
Wield which item (- for none, * to show all)? (? for menu, Esc to quit)
Okay, then.
Unknown command.
Unknown command.
Lua error: /dgldir/rcfiles/crawl-git/utis.rc:580: unexpected symbol near '#' Welcome back, utis the Human Air Elementalist.
Press ? for a list of commands and other information.
Unknown command.
Unknown command.
Are you sure you want to abandon this character and quit the game? (Confirm with "yes".)

****,,****░.░.░..░...░,...*,*,,,,
,,,,,,,,,,░...░..░[..░░.░░░,*,,,,
░░░░░░░░░░░...'.░░.....>..░,*,**,
............░.░.░......[..░)',**,
,░............░.░.░░......░,*,,,,
,░.......░....░.░.░░......░,*,,,,
.░.......░..░.░.░.░░..░...░,*,**,
..............░'░.........░**,,,,
░░░░'░░░░░░░░░..p....░░░░...,,,,,
,,*░.....░ ░.░░..░.░,,*...,*,,*
,,*░.....░ ░.░░..░.░,,*,..,*,,,
,,*░.....░ ░.....░.░,,*,,,,,,**
,,*░░░░░░░* ░░'░░...░,,****,,,*
,,*,,,,,,,* ░..░░'░░,,,,,*,,,**
,,*,*,,,,,* ░..░░.░*,,**,*,,,*,
,,*,,,,,*,****░..░░.░░,,****,,,*,
,,*,,,,,*,,,,,░░░░░..░,,*,,,,,,*,


There were no monsters in sight!

Vanquished Creatures
  A tengu reaver (D:11)
  A frost giant (IceCv)
  Azrael (D:12)
  A dire elephant (Lair:6)
  The ghost of namelastname112 the Zephyrmancer, a journeyman DrWn of Vehumet (D:12)
  An ettin (D:9)
  11 hydras
  Harold (Lair:2)
  An anaconda (Lair:5)
  3 two-headed ogres
  A sixfirhy (Lair:6)
  An unseen horror (D:11)
  3 orc sorcerers
  An ugly thing (D:11)
  A cyclops (D:11)
  4 oklob plants
  7 elephants
  6 black mambas
  2 centaur zombies (D:11)
  22 spiny frogs
  2 orange demons (Lair:6)
  An ice statue (IceCv)
  A torpor snail (Lair:4)
  2 ice devils (Lair:6)
  6 rime drakes
  2 kobold demonologists (D:11)
  8 komodo dragons
  A hellwing (Lair:6)
  2 trolls
  A red devil (Lair:6)
  15 polar bears (IceCv)
  15 blink frogs
  A meliai zombie (D:11)
  8 dream sheep
  A hornet (D:11)
  14 hippogriffs
  Sigmund (D:5)
  A shadow (D:12)
  A vampire (D:11)
  A wraith (D:9)
  5 wyverns
  2 fire elementals (D:12)
  81 yaks
  6 basilisks
  2 hungry ghosts
  7 vampire mosquitoes
  A harpy simulacrum (D:10)
  A naga (Lair:4)
  23 water moccasins
  11 hell hounds
  22 porcupines
  3 sky beasts
  2 phantoms
  4 black bears
  4 orc warriors (D:11)
  A necrophage (D:5)
  A hornet zombie (D:12)
  9 ogres
  3 centaurs
  26 wolves
  19 crocodiles
  A wyvern zombie (D:9)
  4 big kobolds
  23 bullfrogs
  2 wyvern skeletons
  6 scorpions
  5 killer bees (D:7)
  5 wights
  A vampire bat (D:4)
  2 electric eels
  4 howler monkeys
  9 crimson imps
  4 quasits
  2 jellies
  4 orc priests
  6 hounds
  3 centaur skeletons (D:11)
  14 orc wizards
  8 iguanas
  Jessica (D:3)
  12 worker ants
  12 hell rats (Lair:5)
  A hound skeleton (D:11)
  A worker ant zombie (D:8)
  22 adders
  9 shadow imps
  12 white imps (Lair:5)
  An ooze (D:1)
  2 adder zombies
  2 adder skeletons
  6 worms
  4 dart slugs
  4 leopard geckos
  39 orcs
  13 bats
  5 giant cockroaches
  12 goblins
  9 hobgoblins
  2 jackals
  6 quokkas
  5 ball pythons
  8 frilled lizards
  28 kobolds
  2 quokka skeletons
  14 rats
722 creatures vanquished.

Vanquished Creatures (others)
  An orc wizard (D:12)
  54 fungi
  41 plants
96 creatures vanquished.

Grand Total: 818 creatures vanquished

Notes
Turn   | Place    | Note
-------+----------+-------------------------------------------
     0 | D:1      | utis the Human Air Elementalist began the quest for the Orb.
     0 | D:1      | Reached XP level 1. HP: 13/13 MP: 3/3
   403 | D:1      | facepalm
   477 | D:1      | Reached XP level 2. HP: 19/19 MP: 5/5
   979 | D:1      | Reached XP level 3. HP: 21/24 MP: 6/6
   984 | D:1      | Learned a level 3 spell: Static Discharge
   987 | D:1      | Learned a level 2 spell: Swiftness
  1734 | D:1      | Reached XP level 4. HP: 30/30 MP: 7/7
  2460 | D:2      | Found an iron altar of Okawaru.
  2598 | D:2      | Reached XP level 5. HP: 35/35 MP: 5/8
  3591 | D:3      | Found an ancient bone altar of Kikubaaqudgha.
  3598 | D:3      | Noticed Jessica
  3604 | D:3      | Killed Jessica
  4298 | D:3      | Reached XP level 6. HP: 33/41 MP: 9/9
  4785 | D:3      | Found a stormy altar of Qazlal.
  5554 | D:4      | Found a bloodstained altar of Trog.
  5780 | D:4      | Noticed an ogre
  5781 | D:4      | ro risk no fun
  5821 | D:4      | Killed an ogre
  5963 | D:4      | Reached XP level 7. HP: 46/46 MP: 8/11
  6604 | D:4      | Reached skill level 5 in Conjurations
  6917 | D:4      | Reached skill level 5 in Air Magic
  7139 | D:5      | Entered Level 5 of the Dungeon
  7929 | D:5      | Reached XP level 8. HP: 52/52 MP: 9/13
  8808 | D:5      | Noticed Sigmund
  8809 | D:5      | screw this
  8821 | D:5      | Killed Sigmund
  9023 | D:5      | Learned a level 4 spell: Airstrike
  9585 | D:6      | Reached skill level 1 in Armour
 10005 | D:6      | Found a white marble altar of Elyvilon.
 10009 | D:6      | Found a blossoming altar of Fedhas.
 10144 | D:6      | Reached skill level 1 in Fighting
 10172 | D:6      | Reached XP level 9. HP: 59/59 MP: 11/14
 10528 | D:7      | Noticed namelastname112's ghost (novice DrWn)
 11018 | D:7      | Got a steaming flail
 11068 | D:7      | Identified the cursed +1 flail of Wyrd {crush, rC+} (You found it on level 7 of the Dungeon)
 11214 | D:7      | Found a staircase to the Ecumenical Temple.
 12200 | D:7      | Reached skill level 5 in Armour
 13268 | D:7      | yay
 13400 | D:8      | Noticed a two-headed ogre
 13417 | D:8      | Killed a two-headed ogre
 13417 | D:8      | Reached XP level 10. HP: 22/77 MP: 8/15
 14443 | D:8      | Found a shimmering altar of Xom.
 14443 | D:8      | Found a burning altar of Makhleb.
 14804 | D:8      | Learned a level 5 spell: Lightning Bolt
 15211 | D:9      | Found a deep blue altar of Sif Muna.
 15687 | D:9      | Found a staircase to the Orcish Mines.
 15866 | D:9      | Found Xauchasa's Jewellery Boutique.
 16517 | D:9      | Reached XP level 11. HP: 87/87 MP: 14/17
 16520 | D:9      | Reached skill level 5 in Dodging
 16585 | D:9      | Found a shattered altar of Ashenzari.
 17194 | D:10     | Entered Level 10 of the Dungeon
 18064 | D:10     | Noticed a two-headed ogre
 18078 | D:10     | Killed a two-headed ogre
 18623 | D:11     | Noticed a cyclops
 19166 | D:11     | Noticed a sun demon
 19166 | D:11     | Noticed a soul eater
 19512 | D:11     | Found Latwoan's Antique Armour Shoppe.
 20342 | D:11     | Found a staircase to the Lair.
 20812 | D:10     | Reached skill level 10 in Fighting
 20912 | D:10     | Reached XP level 12. HP: 75/97 MP: 11/18
 21104 | D:11     | Noticed a five-headed hydra
 22142 | D:10     | Noticed a two-headed ogre
 22144 | D:10     | crap
 22654 | D:10     | Killed a two-headed ogre
 23899 | D:11     | Killed a five-headed hydra
 23899 | D:11     | Reached skill level 5 in Spellcasting
 24390 | D:11     | Bought a pair of embroidered boots for 270 gold pieces
 24400 | D:11     | Bought a pair of embroidered boots for 270 gold pieces
 24790 | D:12     | Noticed Azrael
 25309 | D:11     | Gained mutation: You have sharp toenails. [a neqoxec]
 25612 | Lair:1   | Entered Level 1 of the Lair of Beasts
 26004 | Lair:1   | Found the amulet of Vitality {Regen+ HP+15}
 27184 | Lair:1   | Reached XP level 13. HP: 44/103 MP: 8/21
 27647 | Lair:1   | Reached skill level 1 in Maces & Flails
 27744 | Lair:1   | Noticed a five-headed hydra
 27862 | Lair:1   | Reached skill level 2 in Maces & Flails
 28149 | Lair:1   | Reached skill level 3 in Maces & Flails
 28325 | Lair:1   | Reached skill level 4 in Maces & Flails
 28989 | Lair:1   | Reached skill level 5 in Maces & Flails
 29860 | Lair:1   | Killed a five-headed hydra
 29860 | Lair:1   | Reached skill level 6 in Maces & Flails
 30500 | Lair:2   | Noticed Harold
 30527 | Lair:1   | Reached skill level 7 in Maces & Flails
 31748 | Lair:2   | Killed Harold
 32185 | Lair:1   | Reached skill level 8 in Maces & Flails
 32817 | Lair:2   | Found a staircase to the Swamp.
 33494 | Lair:2   | Reached skill level 9 in Maces & Flails
 34157 | Lair:3   | Noticed a five-headed hydra
 34182 | Lair:3   | Killed a five-headed hydra
 34436 | Lair:3   | Reached skill level 10 in Maces & Flails
 34750 | Lair:3   | Reached XP level 14. HP: 101/110 MP: 22/22
 36100 | Lair:4   | Reached skill level 11 in Maces & Flails
 36531 | Lair:4   | Found a staircase to the Snake Pit.
 37551 | Lair:5   | Found a frozen archway.
 37622 | IceCv    | Entered an ice cave
 38318 | IceCv    | Reached skill level 12 in Maces & Flails
 39313 | IceCv    | Reached skill level 10 in Conjurations
 40161 | IceCv    | Noticed a frost giant
 40375 | IceCv    | Killed a frost giant
 40375 | IceCv    | Reached skill level 10 in Air Magic
 42157 | Lair:5   | Found a viscous altar of Jiyva.
 42158 | Lair:5   | Found a staircase to the Slime Pits.
 43044 | Lair:5   | Reached XP level 15. HP: 96/115 MP: 13/24
 44206 | Lair:6   | Entered Level 6 of the Lair of Beasts
 44815 | Lair:6   | Identified the Catalogue of Execration
 48169 | Lair:5   | shrug
 49102 | Lair:6   | Found a burning altar of Makhleb.
 49295 | Lair:6   | Found a gateway to Hell.
 49692 | Hell     | Entered the Vestibule of Hell
 49692 | Hell     | Noticed Geryon
 49692 | Hell     | Noticed a reaper
 49849 | Lair:2   | Reached skill level 10 in Armour
 50129 | Orc:1    | Entered Level 1 of the Orcish Mines
 50130 | Orc:1    | crap
 51775 | D:12     | Learned a level 3 spell: Conjure Flame
 51780 | D:12     | Learned a level 4 spell: Sticky Flame
 51862 | D:12     | Reached skill level 1 in Fire Magic
 51863 | D:12     | Killed Azrael
 51863 | D:12     | Reached XP level 16. HP: 93/125 MP: 0/26
 52353 | D:12     | Noticed namelastname112's ghost (journeyman DrWn)
 52471 | D:12     | Killed namelastname112's ghost
 52736 | D:12     | Reached skill level 13 in Maces & Flails
 53044 | D:11     | Noticed a tengu reaver
 53101 | D:11     | Killed a tengu reaver
 53499 | Orc:1    | seriously
 53593 | D:9      | Paralysed by an orc sorcerer for 5 turns
 53597 | D:9      | HP: 5/126 [hellwing[an orc warlord] (7)]
 54253 | D:9      | Upgraded the game from 0.21-a0-185-g3a6ed1e to 0.21-a0-193-g085b6a0
 54253 | D:9      | Upgraded the game from 0.21-a0-193-g085b6a0 to 0.21-a0-216-g6d3fd91
 54253 | D:9      | Quit the game

Vault maps used:
D:1:      elethiomel_arrival_maze
D:2:      okawaru_gym_becter, serial_corexii_hall, corexii_hall_statues_x,
          corexii_hall_statues_deadend, corexii_hall_statues_i,
          corexii_hall_statues_i
D:3:      old_standard_altar, lemuel_doored_altar, first_bread, uniq_jessica
D:4:      minmay_misc_feat_tiny, roderic_batcave, grunt_ministairs_11,
          trog_butcher_becter
D:5:      serial_bayou_pond_a, sigmund_army
D:6:      grunt_temple_overflow_open, kennysheep_pointless_box,
          minmay_misc_feat_ornament, serial_bayou_pond_c
D:7:      minmay_temple_entry_statues, serial_glass, glass_columns_c,
          glass_columns_a, due_unseen_surprise, item_on_display_a,
          feat_on_display, grunt_ogre_cave
D:8:      grunt_temple_overflow_champion_of_chaos
D:9:      lemuel_coloured_pillars_altar, led_sif_book, orc_0_dummy,
          serial_shops, shop
D:11:     due_lair_maze_entry_diamond, serial_shops, nicolae_shop_trees,
          fungi_pond_lemuel
D:12:     uniq_azrael
Lair:1:   minivault_19, lemuel_fruit_fields, grunt_megastairs_4,
          minmay_lair_oklob_chamber
Lair:2:   dpeg_oklob_gauntlet, minmay_swamp_entry_swarm, serial_bayou_shore_b,
          uniq_harold
Lair:4:   guppyfry_snake_entry_island, lemuel_fruit_tree, serial_bayou_shore_a,
          grunt_megastairs_5
Lair:5:   beast_lair_carwin_large_3, slime_altar_1, portal_ice_cave_entry_imps,
          serial_bayou_pond_b
Lair:6:   evil_forest, serial_bayou_ford_a
IceCv:    ice_cave_caverns_01

Skill      XL: |  1  2  3  4  5  6  7  8  9 10 11 12 13 14 15 16 |
---------------+-------------------------------------------------+-----
Conjurations   | 2 3 4 5 6 7 9 11 | 11.1
Air Magic      | 4 5 6 7 9 10 | 10.6
Spellcasting   | 3 4 5 6 |  6.6
Armour         | 3 6 8 10 | 10.3
Fighting       | 1 6 8 10 11 | 11.4
Dodging        | 4 7 9 |  9.6
Maces & Flails | 10 12 13 | 13.1
Fire Magic     | 2 |  2.2
Stealth        | |  2.3

Action                   |  1- 3 |  4- 6 |  7- 9 | 10-12 | 13-15 | 16-18 || total
-------------------------+-------+-------+-------+-------+-------+-------++-------
Melee: Dagger            |    32 |       |       |       |       |       ||    32
       Mace              |    10 |    36 |       |       |       |       ||    46
       Whip              |       |    32 |   128 |    41 |       |       ||   201
       Flail             |       |       |    14 |   246 |       |       ||   260
       Dire flail        |       |       |       |    53 |  1370 |   144 ||  1567
 Fire: Hunting sling     |       |       |    26 |     7 |       |       ||    33
       Shortbow          |       |       |       |       |     6 |       ||     6
       Longbow           |       |       |       |       |     1 |       ||     1
Throw: Tomahawk          |     8 |     5 |     1 |       |     6 |       ||    20
       Stone             |       |    50 |    21 |    25 |    79 |     6 ||   181
 Cast: Shock             |    38 |    81 |   164 |   404 |   190 |       ||   877
       Static Discharge  |     1 |       |     1 |    21 |    38 |       ||    61
       Lightning Bolt    |       |       |       |     7 |    78 |    14 ||    99
       Swiftness         |       |       |       |     1 |       |       ||     1
       Conjure Flame     |       |       |       |       |       |     1 ||     1
  Use: Scroll            |       |     7 |     4 |     6 |    23 |     2 ||    42
       Potion            |       |       |     3 |     7 |     6 |     5 ||    21
 Stab: Sleeping          |     1 |     1 |       |       |     1 |       ||     3
       Distracted        |       |       |       |       |     2 |     1 ||     3
  Eat: Chunk             |     3 |    12 |    19 |    62 |   104 |    12 ||   212
       Fruit             |       |     2 |    10 |       |       |       ||    12
Armor: Robe              |    19 |     3 |       |       |       |       ||    22
       Ring mail         |       |    22 |    42 |   125 |   662 |    83 ||   934
       Scale mail        |       |       |    89 |   226 |       |       ||   315
Dodge: Dodged            |    61 |    68 |   138 |   482 |   982 |   123 ||  1854

Table legend:
 A = Spawn XP
 B = Non-spawn XP
 C = Spawn XP percentage of total XP
 D = Spawn monster count
 E = Non-spawn monster count
 F = Spawn count percentage of total count
 G = Total turns spent on level
                    A         B        C        D         E        F      G
               +---------+---------+-------+---------+---------+-------+---------
         Total |       0 |       0 |   N/A |       0 |       0 |   N/A |     0
               +---------+---------+-------+---------+---------+-------+---------
               +---------+---------+-------+---------+---------+-------+---------
